 Dungeon Crawl Stone Soup version 0.31-a0-221-gbddc013574 (webtiles) character file.

Game seed: 13476572562182181249

326 qw the Shooter (level 6, -15/37 HPs)
             Began as a Gargoyle Hexslinger on July 3, 2023.
             Demolished by an ogre
             ... wielding a +0 giant club
              (34 damage)
             ... on level 3 of the Dungeon.
             The game lasted 00:00:49 (2078 turns).

qw the Shooter (Gargoyle Hexslinger)                Turns: 2078, Time: 00:00:50

Health: -15/37     AC: 10    Str: 11    XL:     6   Next: 49%
Magic:  7/7        EV: 10    Int: 14    God:
Gold:   143        SH:  5    Dex: 14    Spells: 6/7 levels left

rFire   . . .        Y - +1 sling
rCold   + . .        (no shield)
rNeg    + . .        l - +0 ring mail
rPois   inf          c - +0 helmet
rElec   +            (no cloak)
rCorr   .            (no gloves)
SInv    .            (no boots)
Will    .....        f - amulet of reflection
Stlth   +            b - ring of protection from cold
HPRegen 0.26/turn    (no ring)
MPRegen 0.10/turn

%: reflection
@: no status effects
A: sickness immunity, AC +4, negative energy resistance 1, electricity
resistance, torment resistance 1, petrification resistance
a: no special abilities


You were on level 3 of the Dungeon.
You visited 1 branch of the dungeon, and saw 4 of its levels.

You collected 143 gold pieces.


Innate Abilities, Weirdness & Mutations

You are immune to sickness and miasma.
Your stone body is resilient. (AC +4)
You are immune to poison.
You resist negative energy. (rN+)
You are resistant to electric shocks. (rElec)
You are resistant to unholy torment.
You are immune to petrification.


   Skills:
 - Level 3.0 Fighting
 - Level 6.0 Ranged Weapons
 + Level 0.1 Armour
 - Level 1.5 Dodging
 - Level 1.0 Spellcasting
 - Level 2.6 Hexes


You had 6 spell levels left.
You knew the following spells:

 Your Spells              Type           Power      Damage    Failure   Level
a - Slow                  Hex            32%        N/A       22%         1

Your spell library contained the following spells:

 Spells                   Type           Power      Damage    Failure   Level
 Inner Flame              Hex/Fire       4%         N/A       73%         3
 Portal Projectile        Hex/Tloc       8%         N/A       73%         3
 Cause Fear               Hex            4%         N/A       91%         4

Inventory:

Hand Weapons
 Y - a +1 sling (weapon)
Armour
 c - a +0 helmet (worn)
 l - a +0 ring mail (worn)
Jewellery
 b - a ring of protection from cold (left hand)
 f - an amulet of reflection (around neck)
Potions
 a - a potion of heal wounds
 d - a potion of might {unknown}
 e - a potion of invisibility {unknown}
 g - a potion of resistance {unknown}
 h - 2 potions of enlightenment

Dungeon Overview and Level Annotations

Branches:
Dungeon (4/15)
 Temple: D:4-7

Altars:
Fedhas

Annotations:
D:3 3 runed translucent doors, qw's ghost, amateur GrHs; qw's ghost, amateur MiHs


Message History

You see here a book of Dreams.
You see here a staff of poison.
You feel your willpower return.
There is a stone staircase leading down here.
You climb downwards.
The ogre shouts!
You hear an angry hiss.
You hear a shout! x2
Found a stone staircase leading down.
There is a stone staircase leading up here.
An ogre is nearby!
Waypoint 3 assigned to D:4.
You shoot a sling bullet.
The sling bullet completely misses the ogre.
The ogre barely misses you.
An iguana comes into view.
You shoot a sling bullet. The sling bullet hits the ogre.
The ogre is lightly wounded.
You shoot a sling bullet. The sling bullet hits the ogre.
The ogre is moderately wounded.
The ogre hits you with a +0 giant club!
2075 ||| STAIRDANCE You block the ogre's attack.
You climb upwards.
Level annotation: 3 runed translucent doors, qw's ghost, amateur GrHs; qw's ghost, amateur MiHs
There is a stone staircase leading down here.
Enter note:
Enter note:
Enter note:
Enter note:
Enter note:
Enter note:
Enter note:
Enter note:
Enter note: You shoot a sling bullet.
The sling bullet hits the ogre.
The ogre is moderately wounded.
The ogre hits you with a +0 giant club!
You shoot a sling bullet. The sling bullet hits the ogre.
The ogre is heavily wounded.
The ogre hits you with a +0 giant club!!
Ouch! That really hurt!
You die...

8.....8##
#..........###.#.#.....
#?.}.!## #....####..#
#.##..#.## #.#.## ##.#
#....###.. #.#.# #.# ###.#.#.##
#.#.######.#####.##.##
#.#.#......<.....##.# ######
#.#.#.####.#......#.# .....#
#.#.#.###...........#
####.######....O@...#.......###
#..........#.###.........#
############.# ##........# #.#
#........# #.# ##.......# #.#
#.......# #.# #.......#
#.########.#### #..........#


You could see an ogre.

Vanquished Creatures
  Grinder (D:3)
  Natasha (D:3)
  An orc wizard (D:3)
  2 adders (D:2)
  3 dart slugs
  3 orcs (D:3)
  8 endoplasms
  3 giant cockroaches
  5 goblins
  8 hobgoblins
  5 kobolds
  A quokka (D:1)
  4 ball pythons
  2 bats (D:2)
  A frilled lizard (D:3)
  5 rats
53 creatures vanquished.

Notes
Turn   | Place    | Note
-------+----------+-------------------------------------------
     0 | D:1      | qw the Gargoyle Hexslinger began the quest for the Orb.
     0 | D:1      | Reached XP level 1. HP: 12/12 MP: 2/2
     0 | D:1      | 0 ||| qw: Version: 0.3-a-40-ge99b1a8
     0 | D:1      | 0 ||| qw: Game counter: 501
     0 | D:1      | 0 ||| qw: Melee chars always use a shield: true
     0 | D:1      | 0 ||| qw: God list: Okawaru
     0 | D:1      | 0 ||| qw: Allow faded altars: false
     0 | D:1      | 0 ||| qw: Do Orc after clearing Dungeon:15 true
     0 | D:1      | 0 ||| qw: Do second Lair branch before Depths: true
     0 | D:1      | 0 ||| qw: Lair rune preference: random
     0 | D:1      | 0 ||| qw: Goals: Normal
     0 | D:1      | 0 ||| PLANNING D:1-11
   144 | D:1      | Reached XP level 2. HP: 16/16 MP: 3/3
   251 | D:1      | Reached skill level 3 in Ranged Weapons
   504 | D:1      | 504 ||| UPGRADING to +0 leather armour.
   514 | D:1      | 514 ||| DROPPING +0 robe.
   515 | D:1      | 515 ||| UPGRADING to amulet of reflection.
   520 | D:1      | 520 ||| READING scroll labelled QICIWA HIVUEWO.
   521 | D:1      | 521 ||| READING 2 scrolls labelled FOILYA GUPUN.
   522 | D:1      | 522 ||| DRINKING 2 red potions.
   523 | D:1      | 523 ||| DROPPING scroll of poison.
   524 | D:1      | 524 ||| DROPPING scroll of fear.
   596 | D:2      | Reached XP level 3. HP: 21/21 MP: 4/4
   866 | D:2      | Found a faded altar of an unknown god.
  1098 | D:2      | 1098 ||| UPGRADING to +0 helmet.
  1103 | D:2      | 1103 ||| READING scroll labelled SIHIGE GAABA.
  1104 | D:2      | 1104 ||| READING scroll labelled GIOTOSTOBI.
  1105 | D:2      | 1105 ||| DRINKING 2 glowing white potions.
  1129 | D:3      | 1129 ||| STAIRDANCE
  1135 | D:2      | Reached XP level 4. HP: 20/26 MP: 5/5
  1230 | D:3      | Noticed Grinder
  1236 | D:3      | Paralysed by Grinder for 4 turns
  1250 | D:3      | HP: 6/26 [Grinder (3)]
  1251 | D:3      | 1251 ||| DRINKING 2 potions of heal wounds.
  1252 | D:3      | Killed Grinder
  1253 | D:3      | Reached skill level 6 in Ranged Weapons
  1253 | D:3      | Reached XP level 5. HP: 22/30 MP: 6/6
  1253 | D:3      | Reached XP level 6. HP: 26/35 MP: 7/7
  1349 | D:3      | Found a runed translucent gate.
  1350 | D:3      | Found a runed translucent gate.
  1350 | D:3      | Found a runed translucent gate.
  1351 | D:3      | Noticed qw's ghost (amateur GrHs)
  1352 | D:3      | Noticed qw's ghost (amateur MiHs)
  1404 | D:3      | Found a blossoming altar of Fedhas.
  1487 | D:3      | Noticed Natasha
  1492 | D:3      | 1492 ||| Stepping ~*~*~tactically~*~*~ (outnumbered).
  1503 | D:3      | Killed Natasha
  1659 | D:3      | Reached skill level 3 in Fighting
  2017 | D:3      | 2017 ||| UPGRADING to +0 ring mail.
  2027 | D:3      | 2027 ||| DROPPING +0 leather armour.
  2028 | D:3      | 2028 ||| UPGRADING to ring of protection from cold.
  2029 | D:3      | 2029 ||| READING scroll labelled OBRIYV NE JON.
  2030 | D:3      | 2030 ||| READING scroll labelled CUGIS VOGARR.
  2031 | D:3      | 2031 ||| READING scroll labelled IGOPEZ WACOV.
  2075 | D:4      | 2075 ||| STAIRDANCE
  2078 | D:3      | Demolished by an ogre

Levels and vault maps discovered:
D:1:      nicolae_arrival_somewhat_less_tricky_arrival, layout_rooms,
          serial_bayou_crossing
D:2:      layout_basic, ebering_ecumenical_altar_sacrificial
D:3:      layout_loops_ring, mainiacjoe_overflow_chevrons,
          gammafunk_ghost_cemetery, minmay_crystal_room, uniq_grinder,
          uniq_natasha
D:4:      layout_basic, xom_redecorated, uniq_ijyb

Skill      XL: |  1  2  3  4  5  6 |
---------------+-------------------+-----
Ranged Weapons | 3 6 |  6.0
Fighting       | 2 3 |  3.0
Armour         | |  0.1
Dodging        | |  1.5
Spellcasting   | |  1.0
Hexes          | |  2.6

Action                     |  1- 3 |  4- 6 || total
---------------------------+-------+-------++-------
   Fire: Sling             |    89 |    92 ||   181
    Use: Scroll            |     4 |     3 ||     7
         Potion            |     2 |     1 ||     3
 Armour: Robe              |     4 |       ||     4
         Leather armour    |    12 |    22 ||    34
  Dodge: Dodged            |    25 |    20 ||    45
  Block: Other             |     8 |    14 ||    22
         Reflection        |       |     1 ||     1

Table legend:
 A = Non-vault XP
 B = Vault XP
 C = Vault XP percentage of total XP
 D = Non-vault monster count
 E = Vault monster count
 F = Vault count percentage of total count
                 A         B        C        D         E       F
            +---------+---------+-------+---------+---------+-------
      Total |     155 |     312 |  66.8 |      51 |       2 |   3.8
            +---------+---------+-------+---------+---------+-------
        D:1 |      31 |       0 |   0.0 |      16 |       0 |   0.0
        D:2 |      50 |       0 |   0.0 |      16 |       0 |   0.0
        D:3 |      74 |     312 |  80.8 |      19 |       2 |   9.5
            +---------+---------+-------+---------+---------+-------
